 Dungeon Crawl Stone Soup version 0.29-a0-317-gd16b76e6b1 (webtiles) character file.

Game seed: 2294273238995085758

32 HotDog the Skirmisher (level 3, -4/33 HPs)
             Began as a Hill Orc Fighter on Mar 30, 2022.
             Slain by an iguana (8 damage)
             ... on level 2 of the Dungeon.
             The game lasted 00:02:00 (1805 turns).

HotDog the Skirmisher (Hill Orc Fighter)            Turns: 1805, Time: 00:02:00

Health: -4/33      AC:  6    Str: 20    XL:     3   Next: 27%
Magic:  3/3        EV:  9    Int:  8    God:
Gold:   79         SH:  4    Dex: 10    Spells: 2/2 levels left

rFire   . . .      SeeInvis .   a - +0 war axe
rCold   . . .      Faith    .   c - +0 buckler
rNeg    . . .      Spirit   .   b - +0 scale mail
rPois   .          Reflect  .   (no helmet)
rElec   .          Harm     .   (no cloak)
rCorr   .          Rampage  .   (no gloves)
Will    .....                   (no boots)
Stlth   ..........              (no amulet)
HPRegen 0.11/turn               (no ring)
MPRegen 0.08/turn               (no ring)

@: no status effects
A: no striking features
a: no special abilities


You were on level 2 of the Dungeon.
You visited 1 branch of the dungeon, and saw 2 of its levels.

You collected 79 gold pieces.

Inventory:

Hand Weapons
 a - a +0 war axe (weapon)
Armour
 b - a +0 scale mail (worn)
 c - a +0 buckler (worn)
Scrolls
 g - 2 scrolls of teleportation
 i - a scroll of identify
 k - a scroll of blinking {unknown}
Potions
 d - a potion of might
 e - a potion of curing {unknown}
 f - a potion of ambrosia {unknown}
 h - a potion of mutation {unknown}
 j - a potion of degeneration {unknown}
 l - a potion of cancellation {unknown}


   Skills:
 * Level 4.0 Fighting
 * Level 3.2 Axes
 * Level 3.6 Armour
 * Level 0.2 Dodging
 * Level 3.5 Shields
 * Level 1.0 Invocations


You had 2 spell levels left.
You didn't know any spells.
Your spell library was empty.

Dungeon Overview and Level Annotations

Branches:
Dungeon (2/15)

Altars:

Shops:
D:2 *


Message History

No target in view!
No target in view!
There is a stone staircase leading up here.
An iguana comes into view.
The iguana hisses angrily.
An iguana is nearby!
An iguana is nearby!
You barely miss the iguana. You block the iguana's attack.
You slash the iguana!
The iguana is severely wounded.
The iguana barely misses you.
You hit the iguana.
The iguana is almost dead.
The iguana bites you. x2
You hit the iguana but do no damage.
The iguana is almost dead.
You block the iguana's attack.
You hit the iguana but do no damage.
The iguana is almost dead.
The iguana bites you! x2
* * * LOW HITPOINT WARNING * * *
You are too injured to fight recklessly!
You are too injured to fight recklessly!
You are too injured to fight recklessly!
You are too injured to fight recklessly!
An iguana is nearby!
An iguana is nearby!
You are too injured to fight recklessly!
You closely miss the iguana.
The iguana is almost dead.
The iguana barely misses you.
You barely miss the iguana.
The iguana is almost dead.
The iguana bites you.
* * * LOW HITPOINT WARNING * * *
The iguana completely misses you.
You hit the iguana but do no damage.
The iguana is almost dead.
The iguana bites you!
You die...

# .#..####.######.#
#.#..####.#### #.#
.............# #.#
...#.###.##.# #.# .#
#.##.# #.# ##.## #
#.##.###.#
##...##.###.##.....#
#..#........########
#..@l# ### # ### ###
#.#.## #.# #.# ##<#.##
#.# #.###.....# #.#
#.##......## ## ####.#
#............# #.
.....#######......####
#. ###.............#.#
#. ####.############.#
##.


You could see an iguana.

Vanquished Creatures
  An adder (D:2)
  A dart slug (D:1)
  3 ball pythons
  3 endoplasms
  3 goblins
  A hobgoblin (D:2)
  A bat (D:2)
  3 frilled lizards (D:1)
  A kobold (D:2)
  5 rats (D:1)
22 creatures vanquished.

Notes
Turn   | Place    | Note
-------+----------+-------------------------------------------
     0 | D:1      | HotDog the Hill Orc Fighter began the quest for the Orb.
     0 | D:1      | Reached XP level 1. HP: 19/19 MP: 1/1
   494 | D:1      | Reached XP level 2. HP: 19/27 MP: 2/2
   727 | D:1      | Found a faded altar of an unknown god.
  1375 | D:2      | Found Eciell's General Store.
  1522 | D:2      | Reached skill level 4 in Fighting
  1522 | D:2      | Reached XP level 3. HP: 31/33 MP: 3/3
  1748 | D:2      | Reached skill level 1 in Invocations
  1805 | D:2      | Slain by an iguana

Illustrated notes

Levels and vault maps discovered:
D:1:      minmay_arrival_shattered_statue, layout_basic,
          shapermc_ecumenical_altar_starsandcircs
D:2:      layout_loops_ring, serial_shops, nicolae_shop_statue_plus,
          serial_rivers, chequers_serial_rivers_room_a,
          chequers_serial_rivers_large_a, chequers_serial_rivers_large_b,
          chequers_serial_rivers_small_b, chequers_serial_rivers_room_b

Skill      XL: |  1  2  3 |
---------------+----------+-----
Axes           | 3 |  3.2
Fighting       | 4 |  4.0
Invocations    | 1 |  1.0
Armour         | |  3.6
Dodging        | |  0.2
Shields        | |  3.5

Action                   || total
-------------------------++-------
Melee: War axe           ||    70
  Use: Scroll            ||     1
Armor: Scale mail        ||    31
Dodge: Dodged            ||    29
Block: Buckler           ||    23

Table legend: (Time is in decaauts)
 A = Elapsed time spent in this place.
 B = Non-inter-level travel time spent in this place.
 C = Inter-level travel time spent in this place.
 D = Time resting spent in this place.
 E = Time spent auto-exploring this place.
 F = Levels seen in this place.
 G = Mean time per level.
                   A        B        C        D        E       F      G
               +--------+--------+--------+--------+--------+-----+--------+
         Total |   1844 |   1825 |     19 |      0 |   1631 |   2 |  922.0 |
       Dungeon |   1844 |   1825 |     19 |      0 |   1631 |   2 |  922.0 |
               +--------+--------+--------+--------+--------+-----+--------+

Top non-repeatable levels by time:
     D:1: 1363 daAuts
     D:2: 480 daAuts
